 Dungeon Crawl Stone Soup version 0.22-b1-21-g5cfc1688f2 (webtiles) character file.

11555 KamiKatze the Cleaver (level 11, -5/101 HPs)
             Began as a Minotaur Berserker on Aug 7, 2018.
             Was a Priest of Trog.
             Slain by a swamp worm (15 damage)
             ... on level 2 of the Lair of Beasts.
             The game lasted 00:41:17 (10377 turns).

KamiKatze the Cleaver (Minotaur Berserker)         Turns: 10377, Time: 00:41:18

Health: -5/101     AC: 11    Str: 24    XL:     11   Next: 50%
Magic:  0/10       EV: 14    Int:  4    God:    Trog [***...]
Gold:   459        SH:  0    Dex: 11    Spells: 10/10 levels left

rFire    . . .     SeeInvis .   a - +1 war axe
rCold    + . .     Gourm    .   (no shield)
rNeg     . . .     Faith    .   d - +0 scale mail {rPois}
rPois    +         Spirit   +   (helmet restricted)
rElec    .         Reflect  .   z - +1 cloak
rCorr    .         Harm     .   (no gloves)
MR       .....                  (no boots)
Stlth    ..........             u - amulet of guardian spirit
HPRegen  0.26/turn              J - ring of protection from cold
MPRegen  0.12/turn              (no ring)

@: slowed, very slow
A: retaliatory headbutt, horns 2
a: Berserk, Trog's Hand, Renounce Religion


You were on level 2 of the Lair of Beasts.
You worshipped Trog.
Trog was most pleased with you.
You were not hungry.

You visited 3 branches of the dungeon, and saw 12 of its levels.

You collected 459 gold pieces.

Inventory:

Hand Weapons
 a - a +1 war axe (weapon)
 b - a +4 falchion of flaming
 H - a +0 battleaxe
Missiles
 g - 154 stones
 r - 5 tomahawks (quivered)
 P - 2 throwing nets
Armour
 d - a +0 scale mail of poison resistance (worn)
 n - a +0 plate armour
 z - a +1 cloak (worn)
 D - a +0 chain mail
Jewellery
 u - an amulet of guardian spirit (around neck)
 J - a ring of protection from cold (left hand)
Wands
 v - a wand of acid (8)
 w - a wand of digging (35)
 C - a wand of iceblast (10)
 E - a wand of paralysis (4)
 L - a wand of polymorph (31)
 M - a wand of enslavement (34)
Scrolls
 f - 11 scrolls of remove curse
 q - 2 scrolls of fear {unknown}
 s - a scroll of vulnerability {unknown}
 x - 3 scrolls of teleportation
Potions
 i - 2 potions of curing
 k - a potion of lignification
 m - a potion of berserk rage {unknown}
 o - 3 potions of flight
 p - a potion of heal wounds {unknown}
 t - a potion of cancellation {unknown}
 A - a potion of ambrosia {unknown}
 B - a potion of agility
 F - 6 potions of might
 G - 2 potions of haste {unknown}
 K - a potion of resistance {unknown}
 N - a potion of brilliance {unknown}
Comestibles
 c - 22 rations


   Skills:
 + Level 10.5 Fighting
 * Level 13.8 Axes
 + Level 10.1 Armour
 + Level 9.3 Dodging


You had 10 spell levels left.
You didn't know any spells.
Your spell library was empty.

Dungeon Overview and Level Annotations

Branches:
Dungeon (9/15)             Temple (1/1) D:5            Lair (2/6) D:8
  Swamp: Lair:2-4    Shoals: Lair:2-4     Snake: Lair:2-4    Spider: Lair:2-4
    Orc: D:9-12

Altars:
Ashenzari
Cheibriados
Dithmenos
Elyvilon
Fedhas
Gozag
Hepliaklqana
Kikubaaqudgha
Makhleb
Nemelex Xobeh
Okawaru
Qazlal
Ru
Sif Muna
Trog
Uskayaw
Vehumet
Wu Jian
Xom
Yredelemnul
Zin
The Shining One

Shops:
D:9 :

Annotations:
D:5 2 transporters, rvm's ghost, amateur MiGl
Lair:1 1 runed door, Beyletta's ghost, journeyman DsGl


Innate Abilities, Weirdness & Mutations

You reflexively headbutt those who attack you in melee.
You have a pair of horns on your head.


Message History

The swamp worm throws harpoon shot at you.
The harpoon shot hits you!
* * * LOW HITPOINT WARNING * * *
You are yanked forward by the harpoon shot.
The swamp worm throws harpoon shot at you.
The harpoon shot misses you.
The swamp worm throws harpoon shot at you.
The harpoon shot misses you.
The swamp worm throws harpoon shot at you.
The harpoon shot hits you!
* * * LOW HITPOINT WARNING * * *
You are yanked forward by the harpoon shot.
The swamp worm misses you.
The swamp worm throws harpoon shot at you.
The harpoon shot hits you!
* * * LOW HITPOINT WARNING * * *
You are yanked forward by the harpoon shot.
The swamp worm completely misses you.
You feel better. The swamp worm misses you. The swamp worm bites you!
You die...

#.# #.###.#### ..#
#........# #.#
#:.......## #.#
#<........# #####>#
#.†......##
..##...#.#####........#
...........P##P........#
..###..................#
####@.....♣♣♣♣♣♣♣♣♣#
##.w.♣♣♣♣♣♣ #.†♣♣♣
#...⌠...♣ .......⌠.....♣
........♣♣♣≈≈≈≈
##.#..... ♣♣♣ # #..###
#.P


You could see a swamp worm.

Vanquished Creatures
  3 hydras
  A deep elf mage (D:8)
  An ugly thing (D:8)
  A black mamba (Lair:1)
  A komodo dragon (Lair:2)
  A spiny frog (Lair:1)
  Prince Ribbit (D:6)
  3 hippogriffs
  A bog body (Lair:2)
  2 dream sheep (D:9)
  A shadow (D:8)
  A wyvern (D:8)
  11 yaks
  2 water moccasins
  5 porcupines
  An orc warrior (D:7)
  2 sky beasts
  An ice beast (D:5)
  4 phantoms
  An ogre (D:6)
  4 crocodiles
  6 wolves (Lair:2)
  2 centaurs (D:5)
  3 big kobolds (D:9)
  8 bullfrogs
  A gnoll sergeant (D:9)
  A scorpion (D:4)
  3 killer bees (D:5)
  2 jellies
  4 howler monkeys
  2 bullfrog zombies (D:9)
  2 crimson imps (D:5)
  2 bullfrog skeletons
  3 hounds
  A centaur skeleton (D:4)
  5 orc wizards
  3 iguanas
  4 worker ants
  A hound zombie (D:6)
  2 worker ant zombies
  11 gnolls
  13 adders
  3 shadow imps
  2 oozes
  An adder skeleton (D:8)
  3 worms (D:3)
  2 dart slugs (D:1)
  2 leopard geckos
  17 orcs
  5 giant cockroaches
  12 goblins
  4 hobgoblins
  19 jackals
  8 kobolds
  A quokka (D:7)
  A ball python skeleton (D:5)
  6 bats
  7 frilled lizards
  A jackal zombie (D:6)
  A quokka skeleton (D:4)
  7 rats
229 creatures vanquished.

Vanquished Creatures (others)
  2 fungi
  A plant (Lair:1)
3 creatures vanquished.

Grand Total: 232 creatures vanquished

Notes
Turn   | Place    | Note
-------+----------+-------------------------------------------
     0 | D:1      | KamiKatze the Minotaur Berserker began the quest for the Orb.
     0 | D:1      | Reached XP level 1. HP: 19/19 MP: 0/0
   230 | D:1      | Reached XP level 2. HP: 26/27 MP: 1/1
   245 | D:1      | Reached skill level 4 in Axes
   824 | D:2      | Reached ** piety under Trog
   824 | D:2      | Reached XP level 3. HP: 26/33 MP: 2/2
  1425 | D:3      | Found a stormy altar of Qazlal.
  1433 | D:3      | Reached XP level 4. HP: 26/40 MP: 3/3
  1710 | D:3      | Reached skill level 5 in Axes
  1920 | D:3      | Noticed an earth elemental
  1923 | D:3      | Noticed a water elemental
  1923 | D:3      | Noticed a fire elemental
  1923 | D:3      | Noticed an air elemental
  2009 | D:3      | Reached XP level 5. HP: 47/47 MP: 4/4
  2374 | D:4      | Found a shimmering altar of Xom.
  2462 | D:4      | Reached XP level 6. HP: 46/55 MP: 5/5
  2476 | D:4      | Found a shadowy altar of Dithmenos.
  2489 | D:4      | Reached skill level 6 in Axes
  2505 | D:4      | Found a stormy altar of Qazlal.
  2543 | D:4      | Reached skill level 5 in Fighting
  2597 | D:4      | Found a hazy altar of Hepliaklqana.
  2597 | D:4      | Found a glowing silver altar of Zin.
  3088 | D:5      | Entered Level 5 of the Dungeon
  3102 | D:5      | Noticed an ice beast
  3127 | D:5      | Killed an ice beast
  3127 | D:5      | Reached XP level 7. HP: 61/61 MP: 6/6
  3176 | D:5      | Reached *** piety under Trog
  3194 | D:5      | Reached skill level 7 in Axes
  3315 | D:5      | Found a transporter.
  3319 | D:5      | Noticed rvm's ghost (amateur MiGl)
  3352 | D:5      | Reached skill level 5 in Armour
  3631 | D:5      | Reached skill level 8 in Axes
  3631 | D:5      | Reached skill level 5 in Dodging
  3631 | D:5      | Reached XP level 8. HP: 51/70 MP: 7/7
  3728 | D:5      | Found a transporter.
  3866 | D:5      | Found a sparkling altar of Nemelex Xobeh.
  3987 | D:5      | Found a staircase to the Ecumenical Temple.
  3996 | Temple   | Entered the Ecumenical Temple
  4252 | D:6      | Noticed Prince Ribbit
  4255 | D:6      | Killed Prince Ribbit
  4350 | D:6      | Reached skill level 9 in Axes
  4746 | D:6      | Reached **** piety under Trog
  5337 | D:7      | Reached XP level 9. HP: 47/79 MP: 8/8
  5823 | D:8      | Reached skill level 10 in Axes
  5852 | D:8      | Noticed a deep elf mage
  5877 | D:8      | Killed a deep elf mage
  5928 | D:8      | Found a staircase to the Lair.
  6472 | D:8      | Noticed a white ugly thing
  6499 | D:8      | Killed a white ugly thing
  6499 | D:8      | Reached skill level 11 in Axes
  7107 | D:9      | Reached XP level 10. HP: 57/90 MP: 9/9
  7373 | D:9      | Noticed a two-headed hydra
  7376 | D:9      | Killed a one-headed hydra
  7427 | D:9      | Reached skill level 12 in Axes
  7581 | D:9      | Found Kewkaiju's Book Emporium.
  7768 | D:9      | Reached ***** piety under Trog
  8168 | D:9      | Found an iron altar of Okawaru.
  8247 | Lair:1   | Entered Level 1 of the Lair of Beasts
  8290 | Lair:1   | Noticed a black mamba
  8304 | Lair:1   | Killed a black mamba
  8476 | Lair:1   | Noticed an eight-headed hydra
  8501 | Lair:2   | Reached XP level 11. HP: 28/99 MP: 10/10
  8503 | Lair:2   | Reached skill level 13 in Axes
  8664 | Lair:2   | Received a gift from Trog
  8664 | Lair:2   | Reached skill level 10 in Fighting
  9306 | Lair:1   | Killed a six-headed hydra
  9387 | Lair:1   | Found a runed door.
  9390 | Lair:1   | Noticed Beyletta's ghost (journeyman DsGl)
  9391 | Lair:1   | Noticed a catoblepas
  9830 | Lair:2   | HP: 4/100 [porcupine's spines (7)]
  9988 | Lair:2   | Reached skill level 10 in Armour
 10279 | Lair:2   | Noticed an eight-headed hydra
 10283 | Lair:2   | Killed a six-headed hydra
 10375 | Lair:2   | HP: 3/101 [swamp worm/harpoon shot (4)]
 10377 | Lair:2   | Slain by a swamp worm

Skill      XL: |  1  2  3  4  5  6  7  8  9 10 11 |
---------------+----------------------------------+-----
Axes           | 4 5 6 8 9 11 12 13 | 13.8
Armour         | 3 4 5 6 8 9 10 | 10.1
Fighting       | 4 5 6 7 8 9 10 | 10.5
Dodging        | 3 4 5 6 7 8 9 |  9.3

Action                   |  1- 3 |  4- 6 |  7- 9 | 10-12 || total
-------------------------+-------+-------+-------+-------++-------
Melee: Hand axe          |    89 |   116 |   270 |   108 ||   583
       Headbutt          |     9 |    17 |    46 |    44 ||   116
       War axe           |       |       |       |   108 ||   108
       Falchion          |       |       |       |    14 ||    14
Throw: Stone             |     9 |    16 |       |       ||    25
       Tomahawk          |       |       |     1 |       ||     1
Invok: Berserk           |       |     1 |     2 |     4 ||     7
       Trog's Hand       |       |       |     2 |     4 ||     6
Evoke: Wand              |       |       |       |     2 ||     2
  Use: Scroll            |       |     1 |     6 |    11 ||    18
       Potion            |       |       |       |     3 ||     3
  Eat: Chunk             |     2 |     5 |     9 |    13 ||    29
       Ration            |       |       |     2 |     1 ||     3
Armor: Scale mail        |    20 |    36 |    74 |    67 ||   197
       Leather armour    |     6 |       |       |       ||     6
Dodge: Dodged            |    51 |    56 |   130 |   191 ||   428
       Rpst.: Falchion   |       |       |       |     2 ||     2
